 Dungeon Crawl Stone Soup version 0.28.0-53-g5a82cb258f (webtiles) character file.

Game seed: 11982619655809003497

58 Sin92 the Skirmisher (level 3, -3/29 HPs)
             Began as a Demonspawn Fighter on July 1, 2022.
             Slain by an adder (4 damage)
             ... on level 2 of the Dungeon.
             The game lasted 00:01:20 (766 turns).

Sin92 the Skirmisher (Demonspawn Fighter)            Turns: 766, Time: 00:01:21

Health: -3/29      AC:  6    Str: 18    XL:     3   Next: 76%
Magic:  3/3        EV:  9    Int:  9    God:
Gold:   40         SH:  4    Dex: 12    Spells: 2/2 levels left

rFire   . . .      SeeInvis .   a - +0 trident
rCold   . . .      Faith    .   c - +0 buckler
rNeg    . . .      Spirit   .   b - +0 scale mail
rPois   .          Reflect  .   (no helmet)
rElec   .          Harm     .   (no cloak)
rCorr   .          Rampage  .   (no gloves)
Will    .....                   (no boots)
Stlth   ..........              (no amulet)
HPRegen 0.09/turn               (no ring)
MPRegen 0.08/turn               (no ring)

@: mighty, lethally poisoned (-3 -> -11)
A: ignite blood 1
a: no special abilities


You were on level 2 of the Dungeon.
You visited 1 branch of the dungeon, and saw 2 of its levels.

You collected 40 gold pieces.

Inventory:

Hand Weapons
 a - a +0 trident (weapon)
Armour
 b - a +0 scale mail (worn)
 c - a +0 buckler (worn)
Jewellery
 i - a ring of ice
Potions
 g - a potion of flight


   Skills:
 + Level 3.5 Fighting
 + Level 2.4 Polearms
 + Level 3.1 Armour
 + Level 3.2 Shields


You had 2 spell levels left.
You didn't know any spells.
Your spell library contained the following spells:

 Spells                   Type           Power      Damage    Failure   Level
 Blink                    Tloc           0%         N/A       94%         2
 Static Discharge         Conj/Air       0%         N/A       94%         2
 Freezing Cloud           Conj/Ice/Air   0%         6-21      100%        5
 Lightning Bolt           Conj/Air       0%         1d11      100%        5
 Manifold Assault         Tloc           0%         N/A       100%        5
 Simulacrum               Ice/Necr       0%         N/A       100%        6
 Storm Form               Tmut/Air       0%         N/A       100%        7
 Maxwell's Capacitive Co  Air            0%         ∞         100%        8
 Polar Vortex             Ice            0%         N/A       100%        9


Dungeon Overview and Level Annotations

Branches:
Dungeon (2/15)

Altars:


Innate Abilities, Weirdness & Mutations

Your demonic aura sometimes causes spilled blood to erupt in flames.


Message History

The goblin hits you with a +0 dagger.
You puncture the goblin!
You kill the goblin!
The goblin barely misses you.
An adder comes into view.
The goblin misses you.
The adder moves out of view.
You see here a +0 dagger.
You miss the goblin. You block the goblin's attack.
You barely miss the goblin. The goblin barely misses you.
You puncture the goblin!
You kill the goblin!
Items here: )) [[ †.
Items here: ( )) †.
You see here a hobgoblin corpse.
Found a pair of gloves.
Found a stone staircase leading up.
The adder hisses angrily.
Found 16 sling bullets.
The adder bites you.
You are poisoned.
The adder poisons you!
You closely miss the adder.
* * * LOW HITPOINT WARNING * * *
You feel very sick. The adder closely misses you. You block the adder's attack.
You puncture the adder!
The adder is severely wounded.
You feel sick. The adder closely misses you.
You barely miss the adder.
The adder is severely wounded.
You feel sick. The adder bites you.
* * * LOW HITPOINT WARNING * * *
You are lethally poisoned!
The adder poisons you! The adder bites you but does no damage.
Unknown command.
You miss the adder.
The adder is severely wounded.
* * * LOW HITPOINT WARNING * * *
You feel very sick. The adder bites you.
You die...

#.##.# #.#..#
#....## ##<....##
##.......#### ###
#...........( ..#
### #...S...# #.#
#.. #..@..# #.# #..
##[..## #)####..
##.#########.))....
#...........†)....
#####.#########)..
#.# #... #.# #.#.
#.# #.#. #.# ....


You could see an adder.

Vanquished Creatures
  Robin (D:2)
  An adder (D:2)
  2 bats (D:1)
  2 endoplasms (D:1)
  11 goblins
  4 hobgoblins
  2 kobolds (D:1)
  A quokka (D:1)
  7 ball pythons
  A frilled lizard (D:1)
  2 rats (D:1)
34 creatures vanquished.

Notes
Turn   | Place    | Note
-------+----------+-------------------------------------------
     0 | D:1      | Sin92 the Demonspawn Fighter began the quest for the Orb.
     0 | D:1      | Reached XP level 1. HP: 18/18 MP: 1/1
   146 | D:1      | Gained mutation: Your demonic aura sometimes causes spilled
                  | blood to erupt in flames. [demonic ancestry]
   146 | D:1      | Reached XP level 2. HP: 12/24 MP: 2/2
   691 | D:2      | Reached XP level 3. HP: 29/29 MP: 3/3
   723 | D:2      | Noticed Robin
   733 | D:2      | Killed Robin
   766 | D:2      | HP: 1/29 [poisoned by an adder]
   766 | D:2      | Slain by an adder

Illustrated notes

Levels and vault maps discovered:
D:1:      grunt_arrival_lava_bath, layout_rooms
D:2:      layout_loops_ring, shapermc_ecumenical_altar_rom_forum, uniq_robin

Skill      XL: |  1  2 |
---------------+-------+-----
Polearms       | 2 |  2.4
Armour         | 3 |  3.1
Shields        | 3 |  3.2
Fighting       | |  3.5

Action                   || total
-------------------------++-------
Melee: Trident           ||    90
  Use: Scroll            ||     3
       Potion            ||     2
Armor: Scale mail        ||    40
Dodge: Dodged            ||    26
Block: Buckler           ||    26
